 Dungeon Crawl Stone Soup version 0.20.1-1-g8b1a95d (webtiles) character file.

9058 spiff the Grappler (level 11, -1/95 HPs)
             Began as a Yellow Draconian Transmuter on July 18, 2017.
             Was an Elder of Cheibriados.
             Slain by a six-headed hydra (5 damage)
             ... on level 10 of the Dungeon on July 19, 2017.
             The game lasted 00:44:22 (11372 turns).

spiff the Grappler (Yellow Draconian Transmuter)   Turns: 11372, Time: 00:44:23

Health: -1/95      AC:  7    Str: 31    XL:     11   Next: 18%
Magic:  16/20      EV: 18    Int: 23    God:    Cheibriados [****..]
Gold:   71         SH:  4    Dex: 22    Spells: 7/22 levels left

rFire    + . .     SeeInvis .     - Unarmed
rCold    . . .     Gourm    .   (shield currently unavailable)
rNeg     . . .     Faith    .   (armour unavailable)
rPois    .         Spirit   .   (helmet restricted)
rElec    +         Reflect  +   (no cloak)
rCorr    +         Harm     .   (gloves currently unavailable)
MR       .....                  (no boots)
Stlth    +++.......             y - +4 amulet of reflection
Regen    0.3/turn               U - ring "Cauggodo" {rElec Str+4 Stlth+}
MPRegen  0.2/turn               T - ring "Zannefocuh" {rF+ Str+4}

@: blade hands (expiring), very slow
A: spit acid, acid resistance, unfitting armour, cold-blooded, AC +7
a: Breathe Acid, End Transformation, Bend Time, Temporal Distortion, Slouch,
Renounce Religion


You were on level 10 of the Dungeon.
You worshipped Cheibriados.
Cheibriados was greatly pleased with you.
You were not hungry.
You had blades for hands.
You visited 2 branches of the dungeon, and saw 12 of its levels.

You collected 509 gold pieces.
You spent 438 gold pieces at shops.

Inventory:

Missiles
 a - 80 arrows
 d - 217 stones (quivered)
 A - 5 tomahawks
 E - 5 javelins
 K - 2 throwing nets
Armour
 M - a +0 pair of gloves (melded)
Jewellery
 e - an uncursed ring of fire
 o - an uncursed ring of ice
 q - a +2 ring of protection
 y - a +4 amulet of reflection (around neck)
 L - an uncursed amulet of guardian spirit {unknown}
 P - the amulet of Divine Intervention {Spirit rElec Dex+4}
   (You bought it in a shop on level 10 of the Dungeon)

   [amulet of guardian spirit]

   It causes incoming damage to be split between your health and magic.
   It affects your dexterity (+4).
   It insulates you from electricity.
 T - the ring "Zannefocuh" (right scythe-like blade) {rF+ Str+4}
   (You bought it in a shop on level 10 of the Dungeon)

   [ring of strength]

   It affects your strength (+4).
   It protects you from fire.
 U - the ring "Cauggodo" (left scythe-like blade) {rElec Str+4 Stlth+}
   (You bought it in a shop on level 10 of the Dungeon)

   [ring of stealth]

   It affects your strength (+4).
   It insulates you from electricity.
   It makes you more stealthy.
 V - an uncursed ring of ice
Wands
 w - a wand of paralysis (13/24)
 R - a wand of polymorph (15/24)
Scrolls
 l - a scroll of fear
 n - 4 scrolls of teleportation
 r - a scroll of enchant weapon
 s - 4 scrolls of remove curse
 x - 2 scrolls of recharging
 H - 2 scrolls of magic mapping
 I - 3 scrolls of amnesia
 N - a scroll of identify
 Q - 2 scrolls of noise
 S - a scroll of enchant armour
Potions
 f - a potion of resistance {unknown}
 g - 5 potions of heal wounds
 h - a potion of lignification {unknown}
 i - 2 potions of haste
 k - a potion of invisibility {unknown}
 m - 3 potions of mutation
 t - a potion of berserk rage {unknown}
 u - a potion of ambrosia {unknown}
 v - 3 potions of agility
 z - a potion of degeneration {unknown}
 C - a potion of brilliance {unknown}
 D - 6 potions of curing
 F - 2 potions of might
 G - 2 potions of flight {unknown}
 O - 2 potions of magic {unknown}
Books
 b - a book of Changes

   Spells                             Type                      Level
   a - Beastly Appendage              Transmutation                1
   b - Sticks to Snakes               Transmutation                2
   c - Spider Form                    Transmutation/Poison         3
   d - Ice Form                       Ice/Transmutation            4
   e - Blade Hands                    Transmutation                5
Comestibles
 c - 3 bread rations
 j - a meat ration
 p - 7 royal jellies
 B - 19 fruits
 J - 7 chunks of flesh


   Skills:
 + Level 8.8 Fighting
 + Level 7.1 Dodging
 + Level 9.2 Unarmed Combat
 - Level 6.0 Spellcasting
 - Level 7.1 Transmutations
 - Level 2.1 Poison Magic
 - Level 5.0 Invocations


You had 7 spell levels left.
You knew the following spells:

 Your Spells              Type           Power        Failure   Level  Hunger
a - Beastly Appendage     Tmut           #####.       12%         1    None
b - Sticks to Snakes      Tmut           #####...     13%         2    None
c - Spider Form           Tmut/Pois      ####......   28%         3    #......
d - Blade Hands           Tmut           #####.....   52%         5    #####..
e - Ice Form              Ice/Tmut       ###.....     63%         4    ###....


Dungeon Overview and Level Annotations

Branches:
Dungeon (11/15)            Temple (1/1) D:6
   Lair: D:8-11         Orc: D:9-12

Altars:
Ashenzari
Cheibriados
Dithmenos
Elyvilon
Fedhas
Nemelex Xobeh
Ru
Sif Muna
Vehumet

Shops:
D:4 !   D:5 ([[?:   D:8 }   D:10 (*

Annotations:
D:2 exclusion: downstairs
D:7 exclusion: statue
D:9 Joseph


Innate Abilities, Weirdness & Mutations

You can spit globs of acid.
You are resistant to acid.
Your golden yellow scales are hard. (AC +7)
You cannot fit into any form of body armour.
You are cold-blooded and may be slowed by cold attacks.


Message History

The four-headed hydra completely misses you.
You block the four-headed hydra's attack.
You lop one of the four-headed hydra's heads off!
The three-headed hydra grows two more!
You slash the five-headed hydra!
The five-headed hydra is severely wounded.
The five-headed hydra bites you! x3
The five-headed hydra bites you but does no damage.
The five-headed hydra bites you.
You slice one of the five-headed hydra's heads off!
The four-headed hydra grows two more!
You shred the six-headed hydra!!! You tail-slap the six-headed hydra.
Your slash misses the six-headed hydra.
The six-headed hydra is almost dead.
The six-headed hydra barely misses you. The six-headed hydra bites you!
* * * LOW HITPOINT WARNING * * *
The six-headed hydra bites you!
* * * LOW HITPOINT WARNING * * *
The six-headed hydra bites you.
* * * LOW HITPOINT WARNING * * *
The six-headed hydra bites you.
You die...

#############
##########............
#.%'.....#############
#).#†D...# #+###@''##
#.≈P.....# #P≈≈.....#
#≈≈P..P..# #P≈).....#
#PP≈.≈.≈.# #####.####
#)# #.#


You could see a six-headed hydra.

Vanquished Creatures
  Fannar (D:10)
  2 two-headed ogres (D:9)
  Pikel (D:6)
  A troll (D:10)
  Prince Ribbit (D:9)
  2 dream sheep (D:10)
  2 hippogriffs
  Sigmund (D:3)
  2 yaks (D:10)
  2 wyverns (D:9)
  Grum (D:10)
  A hungry ghost (D:8)
  Menkaure (D:6)
  2 water moccasins
  A porcupine (D:10)
  5 sky beasts
  2 orc warriors
  4 ice beasts
  A slave (D:6)
  A necrophage (D:9)
  6 ogres
  A phantom (D:8)
  A centaur (D:10)
  2 wolves (D:10)
  Blork the orc (D:6)
  5 big kobolds
  4 bullfrogs
  2 gnoll sergeants
  A wyvern zombie (D:7)
  3 scorpions
  2 wights (D:9)
  A howler monkey (D:4)
  A crimson imp (D:8)
  A bullfrog zombie (D:8)
  7 hounds
  A centaur skeleton (D:8)
  An orc wizard (D:8)
  2 gnoll shamans
  2 orc priests
  Jessica (D:3)
  2 iguanas
  7 worker ants
  A killer bee zombie (D:6)
  A hound zombie (D:8)
  A hound skeleton (D:8)
  22 gnolls
  A howler monkey skeleton (D:10)
  9 adders
  A shadow imp (D:8)
  An ooze (D:1)
  4 dart slugs
  3 leopard geckos
  26 orcs
  2 ball pythons
  5 giant cockroaches
  8 goblins
  5 hobgoblins
  7 jackals
  18 kobolds
  4 quokkas
  7 bats
  8 frilled lizards
  A leopard gecko skeleton (D:8)
  A quokka skeleton (D:7)
  16 rats
240 creatures vanquished.

Vanquished Creatures (collateral kills)
  A wight (D:9)
  2 gnolls (D:3)
  An adder skeleton (D:5)
4 creatures vanquished.

Vanquished Creatures (others)
  A kobold (D:8)
  16 fungi (D:10)
  4 plants (D:10)
21 creatures vanquished.

Grand Total: 265 creatures vanquished

Notes
Turn   | Place    | Note
-------+----------+-------------------------------------------
     0 | D:1      | spiff the Draconian Transmuter began the quest for the Orb.
     0 | D:1      | Reached XP level 1. HP: 16/16 MP: 3/3
   125 | D:1      | Reached XP level 2. HP: 23/23 MP: 3/5
   413 | D:1      | Reached XP level 3. HP: 24/28 MP: 4/6
   869 | D:2      | Found a sparkling altar of Nemelex Xobeh.
  1550 | D:3      | Noticed Jessica
  1580 | D:2      | Learned a level 2 spell: Sticks to Snakes
  1664 | D:3      | Killed Jessica
  1664 | D:3      | Reached skill level 4 in Unarmed Combat
  1664 | D:3      | Reached XP level 4. HP: 22/35 MP: 1/7
  2002 | D:3      | Found a faded altar of an unknown god.
  2125 | D:3      | Noticed Sigmund
  2277 | D:3      | Killed Sigmund
  2277 | D:3      | Reached skill level 5 in Unarmed Combat
  2277 | D:3      | Reached XP level 5. HP: 35/40 MP: 1/8
  2347 | D:3      | Learned a level 3 spell: Spider Form
  2500 | D:3      | Reached XP level 6. HP: 20/47 MP: 7/9
  2876 | D:3      | Reached skill level 5 in Transmutations
  3285 | D:3      | Noticed a two-headed ogre
  3350 | D:4      | Found a shadowy altar of Dithmenos.
  3387 | D:4      | Found Sysesopu's Distillery.
  3390 | D:4      | Bought a potion of heal wounds for 55 gold pieces
  3390 | D:4      | Bought a potion of curing for 33 gold pieces
  4151 | D:4      | Got a polished rapier
  4152 | D:4      | Identified the cursed +1 rapier of Fragile Peace {pierce, rElec rPois rN+} (You found it on level 4 of the Dungeon)
  4219 | D:5      | Entered Level 5 of the Dungeon
  4229 | D:5      | Your scales start taking on a golden yellow colour.
  4229 | D:5      | Reached XP level 7. HP: 35/52 MP: 6/10
  4230 | D:5      | Reached skill level 6 in Unarmed Combat
  4497 | D:5      | Found Wyogiem's Antique Armour Shop.
  4669 | D:5      | Found Ejoggaocko's Book Shoppe.
  4694 | D:5      | Found Qouh's Magic Scroll Boutique.
  4698 | D:5      | Bought a scroll of magic mapping for 35 gold pieces
  4760 | D:5      | Found Saohi's Antique Armour Emporium.
  4773 | D:5      | Found Xitz's Antique Weapon Emporium.
  5247 | D:5      | Reached skill level 1 in Poison Magic
  5685 | D:6      | Reached skill level 7 in Unarmed Combat
  5685 | D:6      | Reached XP level 8. HP: 59/59 MP: 5/11
  5712 | D:6      | Noticed Pikel
  5729 | D:6      | Noticed Blork the orc
  5743 | D:6      | Killed Blork the orc
  5808 | D:6      | Found a staircase to the Ecumenical Temple.
  5814 | Temple   | Entered the Ecumenical Temple
  5846 | Temple   | Became a worshipper of Cheibriados the Contemplative
  6084 | D:6      | Noticed Menkaure
  6220 | D:6      | Killed Menkaure
  6258 | D:6      | Killed Pikel
  6258 | D:6      | Reached skill level 5 in Fighting
  6613 | D:7      | Reached XP level 9. HP: 68/74 MP: 11/16
  6665 | D:7      | Found a radiant altar of Vehumet.
  6676 | D:7      | Reached skill level 5 in Spellcasting
  6833 | D:7      | Reached * piety under Cheibriados
  7065 | D:7      | Reached skill level 1 in Invocations
  7851 | D:8      | Reached ** piety under Cheibriados
  8168 | D:8      | Found a sacrificial altar of Ru.
  8195 | D:8      | You fall through a shaft for 3 floors!
  8195 | D:11     | Noticed a cyan ugly thing
  8198 | D:11     | Noticed a troll
  8216 | D:10     | Entered Level 10 of the Dungeon
  8234 | D:9      | Noticed Joseph
  8743 | D:8      | Reached skill level 5 in Invocations
  8743 | D:8      | Reached XP level 10. HP: 60/83 MP: 19/19
  8926 | D:8      | Found Vykhly's Quality Used Wands.
  8979 | D:9      | Noticed a two-headed ogre
  8995 | D:9      | Killed a two-headed ogre
  8995 | D:9      | Reached skill level 5 in Dodging
  9193 | D:9      | Reached *** piety under Cheibriados
  9258 | D:9      | Found a white marble altar of Elyvilon.
  9351 | D:9      | Noticed Prince Ribbit
  9362 | D:9      | Killed Prince Ribbit
  9475 | D:9      | Noticed a two-headed ogre
  9496 | D:9      | Killed a two-headed ogre
  9496 | D:9      | Reached skill level 8 in Unarmed Combat
 10847 | D:10     | Reached **** piety under Cheibriados
 10950 | D:10     | Learned a level 5 spell: Blade Hands
 10955 | D:10     | Learned a level 4 spell: Ice Form
 10992 | D:10     | Noticed Fannar
 11002 | D:10     | Killed Fannar
 11003 | D:10     | Found Mackenn's Antique Weapon Emporium.
 11009 | D:10     | Found Taakom's Antique Artefacts.
 11035 | D:10     | Reached XP level 11. HP: 93/95 MP: 20/20
 11102 | D:10     | Bought a shimmering iron amulet for 105 gold pieces
 11102 | D:10     | Bought a bound bronze ring for 105 gold pieces
 11102 | D:10     | Bought a twitching ivory ring for 105 gold pieces
 11102 | D:10     | Identified the amulet of Divine Intervention {Spirit rElec Dex+4} (You bought it in a shop on level 10 of the Dungeon)
 11103 | D:10     | Identified the ring "Zannefocuh" {rF+ Str+4} (You bought it in a shop on level 10 of the Dungeon)
 11104 | D:10     | Identified the ring "Cauggodo" {rElec Str+4 Stlth+} (You bought it in a shop on level 10 of the Dungeon)
 11237 | D:10     | Noticed Grum
 11243 | D:10     | Killed Grum
 11243 | D:10     | Reached skill level 9 in Unarmed Combat
 11361 | D:10     | Noticed a two-headed hydra
 11372 | D:10     | HP: 4/95 [six-headed hydra (5)]
 11372 | D:10     | Slain by a six-headed hydra

Skill      XL: |  1  2  3  4  5  6  7  8  9 10 11 |
---------------+----------------------------------+-----
Transmutations | 3 4 5 6 7 |  7.1
Unarmed Combat | 4 5 7 8 9 |  9.2
Poison Magic   | 2 |  2.1
Fighting       | 5 6 8 |  8.8
Spellcasting   | 4 6 |  6.0
Dodging        | 4 6 7 |  7.1
Invocations    | 5 |  5.0

Action                   |  1- 3 |  4- 6 |  7- 9 | 10-12 || total
-------------------------+-------+-------+-------+-------++-------
Melee: Unarmed           |   136 |   190 |   370 |   174 ||   870
       Headbutt          |     8 |    12 |     8 |       ||    28
       Tailslap          |    15 |    17 |    17 |     5 ||    54
       Kick              |    11 |    20 |    15 |       ||    46
       Punch             |     2 |     2 |     6 |     2 ||    12
Throw: Stone             |       |       |     2 |       ||     2
 Cast: Beastly Appendage |    29 |    22 |    24 |     3 ||    78
       Sticks to Snakes  |     2 |     5 |     2 |    11 ||    20
       Spider Form       |       |       |    29 |    17 ||    46
       Blade Hands       |       |       |       |     4 ||     4
       Ice Form          |       |       |       |     1 ||     1
Invok: Temporal Distorti |       |       |       |     1 ||     1
  Use: Scroll            |       |     9 |     9 |     4 ||    22
 Stab: Distracted        |     1 |       |     1 |       ||     2
  Eat: Chunk             |     3 |     9 |    11 |     6 ||    29
       Bread ration      |       |       |     1 |       ||     1
Armor: Skin              |    44 |    35 |    52 |    13 ||   144
Dodge: Dodged            |   109 |    91 |   261 |   156 ||   617
Block: Other             |       |    28 |    49 |    36 ||   113
       Reflection        |       |       |     4 |       ||     4
